 Dungeon Crawl Stone Soup version 0.30.0-29-ga12c61a403 (webtiles) character file.

Game seed: 6256120790683374468

21 Leperte the Chopper (level 2, -1/25 HPs)
             Began as a Hill Orc Reaver on May 25, 2023.
             Slain by a gnoll
             ... wielding a +0 halberd
              (9 damage)
             ... on level 2 of the Dungeon on June 3, 2023.
             The game lasted 00:03:23 (838 turns).

Leperte the Chopper (Hill Orc Reaver)                Turns: 838, Time: 00:03:24

Health: -1/25      AC:  5    Str: 14    XL:     2   Next: 83%
Magic:  4/4        EV: 10    Int: 13    God:
Gold:   43         SH:  0    Dex:  9    Spells: 3/4 levels left

rFire   . . .        a - +0 hand axe
rCold   . . .        (no shield)
rNeg    . . .        e - +0 ring mail
rPois   .            (no helmet)
rElec   .            (no cloak)
rCorr   .            (no gloves)
SInv    .            (no boots)
Will    .....        (no amulet) Stlth
                     (no ring)
HPRegen 0.24/turn    (no ring)
MPRegen 0.09/turn

%: no passive effects
@: no status effects
A: no striking features
a: no special abilities


You were on level 2 of the Dungeon.
You visited 1 branch of the dungeon, and saw 2 of its levels.

You collected 43 gold pieces.

Inventory:

Hand Weapons
 a - a +0 hand axe (weapon)
Armour
 b - a +0 leather armour
 e - a +0 ring mail (worn)
Jewellery
 d - an amulet of faith
Potions
 c - a potion of brilliance {unknown}


   Skills:
 + Level 2.6 Fighting
 + Level 4.5 Axes
 + Level 0.5 Armour
 + Level 1.8 Dodging
 + Level 1.7 Spellcasting
 + Level 3.1 Conjurations


You had 3 spell levels left.
You knew the following spells:

 Your Spells              Type           Power      Damage    Failure   Level
a - Kiss of Death         Conj/Necr      20%        2d7       28%         1

Your spell library contained the following spells:

 Spells                   Type           Power      Damage    Failure   Level
 Momentum Strike          Conj/Tloc      10%        3d8       41%         2
 Hailstorm                Conj/Ice       5%         3d4       65%         3


Dungeon Overview and Level Annotations

Branches:
Dungeon (2/15)

Altars:


Message History

The giant cockroach bites you but does no damage.
The giant cockroach bites you.
You closely miss the giant cockroach.
The giant cockroach is almost dead.
The giant cockroach barely misses you.
You hit the giant cockroach.
You kill the giant cockroach!
You now have 29 gold pieces (gained 9).
Found a stone staircase leading up.
You now have 43 gold pieces (gained 14).
Found a ring mail. 2 gnolls come into view.
Found 12 gold pieces.
The gnoll shouts! x2
There are monsters nearby!
Found a stone staircase leading down.
A gnoll comes into view. It is wielding a +0 whip.
A gnoll comes into view. It is wielding a +0 halberd.
The gnoll shouts! x2
The gnoll moves out of view.
The gnoll hits you with a +0 whip.
You closely miss the gnoll. The gnoll hits you with a +0 whip.
You closely miss the gnoll. The gnoll closely misses you.
You hit the gnoll. Your punch misses the gnoll.
The gnoll is moderately wounded.
The gnoll barely misses you. The gnoll closely misses you.
You hit the gnoll.
The gnoll is severely wounded.
The gnoll barely misses you. x2
You hit the gnoll but do no damage.
The gnoll is severely wounded.
The gnoll hits you from afar with a +0 halberd!
The gnoll barely misses you.
You barely miss the gnoll.
The gnoll is severely wounded.
The gnoll closely misses you. The gnoll hits you with a +0 whip.
You hit the gnoll.
The gnoll is almost dead.
The gnoll hits you from afar with a +0 halberd!
You die...

..........†..#.#...#.
##.......###†........
#.8...............##
.....................
##.##..............#. #.
####...........## . #.
#.............
^...##.#####...........#.
........@gg#...........##
...###.###g............#
#. #..............#
.......###............
....... #.$..........
....... ############$
........ . #........
#######


You could see 3 gnolls.

Vanquished Creatures
  An adder skeleton (D:2)
  A dart slug (D:2)
  A bat zombie (D:2)
  A giant cockroach (D:2)
  A goblin (D:1)
  A hobgoblin (D:1)
  A kobold (D:1)
  A ball python (D:2)
  A ball python zombie (D:2)
  3 bats
  4 rats (D:1)
16 creatures vanquished.

Notes
Turn   | Place    | Note
-------+----------+-------------------------------------------
     0 | D:1      | Leperte the Hill Orc Reaver began the quest for the Orb.
     0 | D:1      | Reached XP level 1. HP: 18/18 MP: 3/3
     0 | D:1      | Upgraded the game from 0.30.0-18-gc0e69614cb to
                  | 0.30.0-29-ga12c61a403
   506 | D:1      | Reached XP level 2. HP: 19/24 MP: 4/4
   591 | D:1      | Found a faded altar of an unknown god.
   838 | D:2      | Slain by a gnoll

Illustrated notes

Levels and vault maps discovered:
D:1:      dpeg_arrival_rhombus, layout_basic,
          hellmonk_ecumenical_altar_crossroads
D:2:      layout_rooms, serial_undead, serial_undead_c, serial_undead_a,
          serial_undead_e, serial_undead_a, serial_undead_e, serial_undead_c,
          serial_undead_b, serial_undead_d

Action                     || total
---------------------------++-------
  Melee: Hand axe          ||    59
   Cast: Kiss of Death     ||     1
 Armour: Leather armour    ||    17
         Ring mail         ||    33
  Dodge: Dodged            ||    73
